 Dungeon Crawl Stone Soup version 0.31-a0-590-g8a5a4361df (webtiles) character file.

Game seed: 1632014874035624252

5971 nomicflux the Fighter (level 10, -2/94 HPs)
             Began as a Black Draconian Conjurer on Aug 19, 2023.
             Was a Follower of Vehumet.
             Slain by a minotaur (12 damage)
             ... in a Gauntlet.
             The game lasted 00:28:40 (10417 turns).

nomicflux the Fighter (Black Draconian Conjurer)   Turns: 10417, Time: 00:28:40

Health: -2/94      AC: 13    Str:  9    XL:     10   Next: 55%
Magic:  15/28      EV: 12    Int: 25    God:    Vehumet [*.....]
Gold:   159        SH:  0    Dex: 10    Spells: 14/21 levels left

rFire   + . .        q - staff of conjuration
rCold   + . .        (no shield)
rNeg    + . .        (body armour unavailable)
rPois   .            (helmet restricted)
rElec   +            B - scarf {rC+ rF+}
rCorr   .            g - +0 pair of gloves
SInv    +            i - +0 pair of boots
Will    .....        (no amulet)
Stlth   ++           y - +4 ring of protection
HPRegen 0.35/turn    A - ring of Zaycyim {rN+ MP+9 Int+2 SInv}
MPRegen 0.21/turn

%: no teleportation
@: short of breath
A: breathe lightning, AC +7, unfitting armour, electricity resistance,
cold-blooded
a: Breathe Lightning, Renounce Religion


You were in a Gauntlet.
You worshipped Vehumet.
Vehumet was aware of your devotion.
You visited 3 branches of the dungeon, and saw 10 of its levels.
You also visited: Gauntlet.

You collected 311 gold pieces.
You spent 152 gold pieces at shops.

Inventory:

Hand Weapons
 c - a +0 spear
 r - a +0 orcbow
 u - a +4 quarterstaff of chaos
Missiles
 p - a throwing net (quivered)
Armour
 g - a +0 pair of gloves (worn)
 i - a +0 pair of boots (worn)
 v - a +0 cloak
 B - a scarf of resistance (worn)
Magical Staves
 q - a staff of conjuration (weapon)
Jewellery
 b - a ring of flight
 n - a ring of fire
 y - a +4 ring of protection (left hand)
 A - the ring of Zaycyim (right hand) {rN+ MP+9 Int+2 SInv}
   (You took it off a gnoll on level 7 of the Dungeon)

   [ring of magical power]

   Int+2:     It affects your intelligence (+2).
   rN+:       It protects you from negative energy.
   MP+9:      It affects your magic capacity (+9).
   SInv:      It lets you see invisible.
 C - a +4 ring of protection
Wands
 z - a wand of digging (4)
Scrolls
 d - a scroll of revelation
 f - a scroll of enchant armour {unknown}
 j - 2 scrolls of fear
 t - a scroll of enchant weapon {unknown}
 w - 2 scrolls of teleportation
Potions
 a - a potion of attraction
 e - a potion of resistance
 h - a potion of invisibility {unknown}
 l - 2 potions of curing
 m - 2 potions of ambrosia
 o - a potion of enlightenment
 s - 2 potions of might
 x - a potion of cancellation
Miscellaneous
 D - a condenser vane


   Skills:
 + Level 10.6 Fighting
 - Level 4.0 Staves
 - Level 1.7 Dodging
 - Level 1.7 Stealth
 - Level 6.0 Spellcasting
 + Level 9.8 Conjurations
 + Level 2.1 Hexes
 - Level 4.0 Evocations


You had 14 spell levels left.
You knew the following spells:

 Your Spells              Type           Power      Damage    Failure   Level
a - Magic Dart            Conj           100%       1d8       1%          1
b - Searing Ray           Conj           100%       2d8       1%          2
c - Fulminant Prism       Conj/Hex       27%        3d14      6%          4

Your spell library contained the following spells:

 Spells                   Type           Power      Damage    Failure   Level
 Foxfire                  Conj/Fire      100%       2x1d9     1%          1
 Dazzling Flash           Conj/Hex       100%       N/A       1%          3
 Flame Wave               Conj/Fire      48%        2d12      10%         4
 Iskenderun's Mystic Bla  Conj/Tloc      48%        2d11      10%         4
 Sticky Flame             Conj/Fire      48%        2d7       10%         4
 Inner Flame              Hex/Fire       12%        N/A       14%         3


Dungeon Overview and Level Annotations

Branches:
Dungeon (8/15)             Temple (1/1) D:4            Lair (1/5) D:8
Gauntlet (1/1)

Altars:
Ashenzari
Cheibriados
Dithmenos
Elyvilon
Gozag
Hepliaklqana
Kikubaaqudgha
Makhleb
Okawaru
Ru
Sif Muna
Uskayaw
Vehumet
Yredelemnul
Zin
The Shining One

Shops:
D:2 *   D:3 ?   D:4 !   D:6 (?[:[

Annotations:
Gauntlet 8 transporters, 3 runed translucent doors


Innate Abilities, Weirdness & Mutations

You can breathe wild blasts of lightning.
Your glossy black scales are hard. (AC +7)
You cannot fit into any form of body armour.
You are resistant to electric shocks. (rElec)
You are cold-blooded and may be slowed by cold attacks.


Message History

The minotaur is moderately wounded.
The minotaur hits you. The minotaur gores you!
The searing ray hits the minotaur.
The minotaur is moderately wounded.
You finish channelling your searing ray.
The minotaur hits you!!
* * * LOW HITPOINT WARNING * * *
The minotaur gores you.
* * * LOW HITPOINT WARNING * * *
You feel much better.
The minotaur hits you but does no damage.
The minotaur barely misses you.
You feel much better. The minotaur hits you! The minotaur gores you!
Okay, then.
Okay, then.
Activating: Breathe Lightning (3% risk of failure)
Press: ? - help, Dir - look around, f - activate You breathe a wild blast of lightning!
The orb of electricity explodes!
The orb of electricity engulfs the minotaur but does no damage.
The minotaur is moderately wounded.
The orb of electricity engulfs you! You resist.
* * * LOW HITPOINT WARNING * * *
The minotaur hits you!
* * * LOW HITPOINT WARNING * * *
The minotaur closely misses you.
The minotaur throws a javelin.
The javelin closely misses you.
Casting: Searing Ray (safe; 1% risk of failure)
Confirm with . or Enter, or press ? or * to list all spells.
Aiming: Searing Ray (safe; 1% risk of failure)
Press: ? - help, Shift-Dir - straight line, f - minotaur
Aim: a minotaur, wearing a +0 chain mail and quivering javelins (moderately wounded, 90% to hit)
You feel a surge of power!
The searing ray hits the minotaur!
The minotaur is heavily wounded. (Press . to maintain the ray.)
The searing ray hits the minotaur but does no damage.
The minotaur is heavily wounded.
The minotaur hits you.
* * * LOW HITPOINT WARNING * * *
The minotaur gores you!
You die...

#######.#######
#.............#
#.###########.#
#.#. #.#.# #.#.
#.#.# #.#.##
##...# #.#.*.
#..### #.##.#
#.##.#
#..#.#####@#..#
##.#.....H.#.##
#.#########.#
#...........#
#############


You could see a minotaur.

Vanquished Creatures
  A ghost crab (Gauntlet)
  An ice statue (Gauntlet)
  A rime drake (Gauntlet)
  A komodo dragon (Lair:1)
  4 yaks (D:8)
  Eustachio (D:5)
  A basilisk (Lair:1)
  A wyvern (D:8)
  A steam dragon (D:8)
  9 water moccasins
  A sky beast (D:7)
  An orc warrior (D:8)
  An ice beast (D:5)
  5 black bears
  A centaur (D:5)
  2 phantoms (D:6)
  2 bullfrogs
  3 scorpions
  4 wights (D:7)
  3 killer bees (D:8)
  A howler monkey (D:5)
  Crazy Yiuf (D:5)
  6 hounds
  2 jellies
  An orc priest (D:8)
  3 sleepcaps
  A gnoll bouda (D:7)
  4 iguanas
  4 orc wizards
  6 adders
  6 gnolls
  A shadow imp (D:8)
  A white imp (D:7)
  3 worms
  3 dart slugs
  21 orcs
  5 endoplasms
  6 giant cockroaches
  10 goblins
  8 hobgoblins
  5 quokkas
  5 ball pythons
  10 bats
  4 frilled lizards
  8 kobolds
  4 rats
173 creatures vanquished.

Vanquished Creatures (others)
  12 fulminant prisms (Gauntlet)
12 creatures vanquished.

Grand Total: 185 creatures vanquished

Notes
Turn   | Place    | Note
-------+----------+-------------------------------------------
     0 | D:1      | nomicflux the Draconian Conjurer began the quest for the
                  | Orb.
     0 | D:1      | Reached XP level 1. HP: 14/14 MP: 3/3
   112 | D:1      | Reached skill level 1 in Fighting
   112 | D:1      | Reached XP level 2. HP: 23/23 MP: 0/5
   115 | D:1      | Learned a level 2 spell: Searing Ray
   635 | D:1      | Found a faded altar of an unknown god.
   639 | D:1      | Reached skill level 2 in Fighting
   639 | D:1      | Reached XP level 3. HP: 29/29 MP: 2/6
  1623 | D:2      | Reached XP level 4. HP: 37/37 MP: 1/7
  1771 | D:2      | Found Engeamisk's General Store.
  1785 | D:2      | Bought a potion of curing for 30 gold pieces
  2179 | D:3      | Found Qaefo Mea's Magic Scroll Boutique.
  2186 | D:3      | Reached skill level 3 in Fighting
  2186 | D:3      | Reached skill level 5 in Conjurations
  2261 | D:3      | Bought a scroll of identify for 26 gold pieces
  2265 | D:3      | Found a snail-covered altar of Cheibriados.
  2443 | D:3      | Found a shadowy altar of Dithmenos.
  2446 | D:3      | Identified the +1 robe "Ujaoqont" {Rampage rC- Str+5}
  2883 | D:3      | Reached XP level 5. HP: 45/45 MP: 4/8
  2942 | D:3      | Found a hazy altar of Hepliaklqana.
  3249 | D:4      | Noticed a black bear
  3337 | D:4      | Reached skill level 1 in Staves
  3599 | D:4      | Killed a black bear
  3600 | D:4      | Reached skill level 4 in Fighting
  3600 | D:4      | Reached XP level 6. HP: 52/52 MP: 1/10
  3900 | D:4      | Found a staircase to the Ecumenical Temple.
  3932 | Temple   | Entered the Ecumenical Temple
  3955 | Temple   | Became a worshipper of Vehumet
  4359 | D:4      | Found Geawk's Distillery.
  4370 | D:4      | Bought a potion of heal wounds for 60 gold pieces
  4653 | D:5      | Entered Level 5 of the Dungeon
  4662 | D:5      | Noticed an ice beast
  4668 | D:5      | Killed an ice beast
  4669 | D:5      | Your scales start taking on a glossy black colour.
  4669 | D:5      | Reached XP level 7. HP: 45/60 MP: 5/12
  4669 | D:5      | Gained mutation: You are resistant to electric shocks.
                  | (rElec) [Black Draconian growth]
  4776 | D:5      | Reached skill level 5 in Fighting
  4823 | D:5      | Noticed Eustachio
  4835 | D:5      | Killed Eustachio
  5479 | D:5      | Found a runed translucent door.
  5480 | D:5      | Noticed Crazy Yiuf
  5954 | D:5      | Reached XP level 8. HP: 70/70 MP: 10/14
  6159 | D:5      | Killed Crazy Yiuf
  6279 | D:6      | Found Ongus's Magic Scroll Emporium.
  6284 | D:6      | Bought a scroll of teleportation for 36 gold pieces
  6297 | D:5      | Reached skill level 6 in Fighting
  6441 | D:6      | Found Xexa Jym's Antique Armour Shoppe.
  6459 | D:6      | Reached skill level 5 in Spellcasting
  6500 | D:6      | Reached skill level 1 in Evocations
  6655 | D:6      | Found Reckeys's Antique Weapon Boutique.
  6679 | D:6      | Reached skill level 7 in Fighting
  7105 | D:6      | Reached XP level 9. HP: 79/79 MP: 10/16
  7272 | D:6      | Found Koecis's Antique Armour Emporium.
  7344 | D:6      | Found Zesule's Book Boutique.
  7593 | D:7      | Identified the ring of Zaycyim {rN+ MP+9 Int+2 SInv}
  7628 | D:7      | Reached * piety under Vehumet
  7628 | D:7      | Offered knowledge of Foxfire by Vehumet.
  7764 | D:7      | Reached skill level 8 in Fighting
  8325 | D:7      | Identified the +4 sling of Brawling {flame, rC+}
  8785 | D:8      | Reached skill level 9 in Fighting
  9112 | D:8      | Found a staircase to the Lair.
  9159 | D:8      | Reached XP level 10. HP: 81/92 MP: 17/18
  9365 | Lair:1   | Entered Level 1 of the Lair of Beasts
  9453 | Lair:1   | Reached skill level 10 in Fighting
  9545 | Lair:1   | Found a gate leading to a gauntlet.
  9555 | Gauntlet | Entered a Gauntlet
  9555 | Gauntlet | Found a transporter.
  9555 | Gauntlet | Found a transporter.
  9555 | Gauntlet | Found a runed translucent door.
  9558 | Gauntlet | Found a runed translucent door.
  9559 | Gauntlet | Found a transporter.
  9559 | Gauntlet | Found a transporter.
  9564 | Gauntlet | Noticed a soul eater
  9626 | Gauntlet | Found a transporter.
  9630 | Gauntlet | Found a transporter.
  9630 | Gauntlet | Found a transporter.
  9631 | Gauntlet | Found a transporter.
  9643 | Gauntlet | Noticed a ghost crab
  9645 | Gauntlet | Found a transporter.
  9651 | Gauntlet | Found a runed translucent door.
  9655 | Gauntlet | Noticed a ghost crab
  9657 | Gauntlet | Found a runed translucent door.
  9658 | Gauntlet | Found a transporter.
  9659 | Gauntlet | Found a runed translucent door.
  9665 | Gauntlet | Noticed a reaper
  9668 | Gauntlet | Found a transporter.
  9673 | Gauntlet | Found a transporter.
  9710 | Gauntlet | Noticed an ice statue
  9725 | Gauntlet | Found a transporter.
  9725 | Gauntlet | Found the necklace of Bloodlust {Fury *Rage Will++ Int-3
                  | Slay+6}
  9728 | Gauntlet | Noticed a wizard
  9742 | Gauntlet | Found a transporter.
  9949 | Gauntlet | Learned a level 4 spell: Fulminant Prism
  9984 | Gauntlet | Killed an ice statue
  9985 | Gauntlet | Reached skill level 1 in Hexes
 10133 | Gauntlet | Killed a ghost crab
 10400 | Gauntlet | Noticed a minotaur
 10410 | Gauntlet | HP: 3/94 [minotaur (4)]
 10417 | Gauntlet | Slain by a minotaur

Illustrated notes

Levels and vault maps discovered:
D:1:      ncdulo_lavacross, layout_loops_ring,
          hellmonk_ecumenical_altar_prayer_group
D:2:      layout_rooms, serial_glass, glass_columns_a, glass_columns_a,
          serial_shops, nicolae_shop_window_shopping
D:3:      layout_loops_ring, old_standard_altar, grunt_dithmenos_smoke,
          nzn_hepliaklqana_mist_gate, serial_shops, nicolae_shop_hallway_plus
D:4:      layout_loops_ring, minmay_temple_entry_grid, serial_shops, shop,
          hangedman_feature_mirror
D:5:      layout_loops_corners, dk_vineyard_3, uniq_crazy_yiuf_cottage,
          uniq_eustachio
D:6:      layout_rooms, serial_shops, kennysheep_little_box, kennysheep_mini,
          nicolae_take_the_stairs, nicolae_stop_n_shop_1, shop_statue,
          amethyst_killhole
D:7:      layout_basic
D:8:      layout_rooms, dpeg_oklobed_lair
Temple:   nicolae_temple_bog_church
Lair:1:   layout_gridlike, gauntlet_entry_generic, lemuel_old_faithful
Gauntlet: gammafunk_gauntlet_mixed_choke_point
          [minmay_gauntlet_arena_77_shame_cube, minmay_gauntlet_arena_77_museum,
          minmay_gauntlet_arena_77_two_paths, gammafunk_gauntlet_arena_chambers,
          minmay_gauntlet_arena_77_path, minmay_gauntlet_arena_77_cramped,
          minmay_gauntlet_arena_77_braids, dreamdust_gauntlet_exit_labyrinth]

Skill      XL: |  1  2  3  4  5  6  7  8  9 10 |
---------------+-------------------------------+-----
Fighting       | 1 2 3 4 5 7 9 10 | 10.6
Conjurations   | 5 6 8 9 |  9.8
Staves         | 1 2 3 4 |  4.0
Spellcasting   | 3 4 5 6 |  6.0
Evocations     | 3 4 |  4.0
Hexes          | 2 |  2.1
Dodging        | |  1.7
Stealth        | |  1.7

Action                     |  1- 3 |  4- 6 |  7- 9 | 10-12 || total
---------------------------+-------+-------+-------+-------++-------
  Melee: Spear             |       |     3 |       |       ||     3
         Staff             |       |     1 |       |     1 ||     2
   Cast: Magic Dart        |    53 |    60 |    35 |       ||   148
         Searing Ray       |     9 |    25 |    70 |    17 ||   121
         Fulminant Prism   |       |       |       |    12 ||    12
Ability: Breathe Lightning |       |       |    10 |     3 ||    13
    Use: Scroll            |       |     9 |     4 |     1 ||    14
         Potion            |       |     2 |       |     2 ||     4
 Armour: Skin              |     6 |    13 |    42 |    38 ||    99
  Dodge: Dodged            |    12 |    36 |    59 |    24 ||   131

Table legend: (Time is in decaauts)
 A = Elapsed time spent in this place.
 B = Non-inter-level travel time spent in this place.
 C = Inter-level travel time spent in this place.
 D = Time resting spent in this place.
 E = Time spent auto-exploring this place.
 F = Levels seen in this place.
 G = Mean time per level.
                   A        B        C        D        E       F      G
               +--------+--------+--------+--------+--------+-----+--------+
         Total |  10427 |   9959 |    468 |   2951 |   4892 |  11 |  947.9 |
       Dungeon |   9403 |   8943 |    460 |   2589 |   4892 |   8 | 1175.4 |
        Temple |     33 |     25 |      8 |      0 |      0 |   1 |   33.0 |
          Lair |    128 |    128 |      0 |     23 |      0 |   1 |  128.0 |
      Gauntlet |    862 |    862 |      0 |    339 |      0 |   1 |  862.0 |
               +--------+--------+--------+--------+--------+-----+--------+

Top non-repeatable levels by time:
     D:5: 1735 daAuts
     D:1: 1392 daAuts
     D:4: 1365 daAuts
     D:7: 1289 daAuts
     D:6: 1155 daAuts
     D:3: 1014 daAuts
Gauntlet: 862 daAuts
     D:2: 850 daAuts
     D:8: 600 daAuts
  Lair:1: 128 daAuts
  Temple: 33 daAuts
